Map: Kairos Junction LE

Players

Denver

  • Race: Zerg Zerg
  • Spawn Location: 11:00

Hellraiser - Winner!

  • Race: Protoss Protoss
  • Spawn Location: 5:00

Event: IEM Season 13: Katowice (2019)

VOD

Have the link to the VOD?

Description

Time

  • Played on: Feb. 26, 2019, 10:59 a.m.
  • Length: 8:28

All games in this series

Show
View Real Time Build Order
Export as new Build Order

Denver Zerg 

Build Orders: Hatch First, Ravager All-In 

Get SALT Encoding   

  12  0:00  Drone  
  13  0:13  Overlord  
  13  0:17  Drone  
  14  0:31  Drone x2  
  16  0:48  Hatchery  
  15  0:52  Drone  
  15  0:56  Drone  
  17  1:00  Drone  
  18  1:11  Extractor  
  17  1:14  Spawning Pool  
  17  1:17  Drone  
  17  1:20  Drone  
  18  1:31  Drone  
  19  2:02  Queen  
  19  2:03  Roach Warren  
  19  2:05  Extractor  
  19  2:06  Drone x3  
  22  2:23  Hatchery  
  21  2:31  Overlord  
  21  2:42  Roach  
  21  2:43  Roach  
  25  2:52  Roach  
  25  2:56  Roach  
  29  3:03  Ravager  
  29  3:05  Overlord  
  30  3:24  Roach, Ravager x2  
  34  3:28  Overlord  
  34  3:32  Ravager  
  35  3:37  Roach  
  37  3:47  Roach  
  39  3:49  Roach x2  
  43  3:59  Roach  
  43  4:07  Queen  
  45  4:12  Overlord  
  37  4:32  Roach x3  
  37  4:33  Roach  
  39  4:49  Roach x2  
  42  4:59  Ravager  
  34  5:18  Roach x3  
  34  5:43  Hatchery  
  33  5:52  Metabolic Boost  
  33  5:57  Zergling x4  
  35  6:16  Drone x4  
  35  6:24  Roach  
  35  6:51  Drone x2  
  35  6:52  Hatchery  
  36  6:58  Drone x2  
  32  7:04  Roach  
  31  7:13  Queen  
  33  7:19  Roach  
  35  7:23  Zergling x2  
  35  7:24  Zergling x2  
  35  7:29  Zergling x2  
  39  7:30  Zergling x2  
  33  7:44  Zergling x2  
  31  7:55  Drone x3  
  29  8:08  Drone x2  
Show
View Real Time Build Order
Export as new Build Order

Hellraiser Protoss - Winner!

Build Orders:  

Get SALT Encoding   

  12  0:00  Probe  
  13  0:12  Probe  
  14  0:18  Pylon  
  14  0:21  Probe  
  15  0:32  Probe  
  15  0:37  Gateway  
  16  0:43  Probe  
  16  0:46  Assimilator  
  17  0:55  Probe  
  18  1:05  Forge  
  19  1:18  Pylon  
  19  1:23  Pylon x2  
  18  1:36  Cybernetics Core  
  18  1:38  Photon Cannon  
  18  1:39  Probe  
  19  1:49  Photon Cannon  
  20  2:01  Photon Cannon  
  20  2:07  Photon Cannon  
  19  2:14  Adept  
  19  2:17  Robotics Facility  
  19  2:25  Probe  
  22  2:37  Probe, Shield Battery  
  22  2:43  Adept  
  25  2:52  Pylon  
  25  2:59  Immortal  
  29  3:22  Photon Cannon  
  29  3:23  Shield Battery  
  29  3:28  Shield Battery  
  29  3:30  Warp Prism  
  29  3:40  Shield Battery  
  31  3:53  Shield Battery  
  30  4:05  Probe  
  30  4:08  Pylon  
  30  4:14  Immortal  
  32  4:17  Probe  
  32  4:28  Shield Battery  
  32  4:39  Probe  
  33  4:51  Probe  
  34  5:03  Probe  
  35  5:15  Probe, Robotics Facility  
  32  5:27  Probe  
  33  5:39  Probe  
  33  5:40  Nexus  
  33  5:42  Assimilator  
  34  5:45  Stargate  
  34  5:56  Pylon  
  34  6:05  Immortal  
  34  6:15  Probe  
  39  6:24  Pylon  
  39  6:33  Oracle  
  39  6:43  Probe  
  39  6:46  Pylon  
  43  6:52  Pylon  
  43  6:55  Probe  
  43  6:57  Cybernetics Core  
  43  6:59  Probe  
  45  7:07  Probe  
  46  7:10  Void Ray  
  46  7:14  Pylon  
  47  7:20  Probe  
  47  7:21  Probe  
  52  7:25  Observer  
  53  7:32  Probe  
  53  7:33  Probe  
  55  7:44  Probe  
  55  7:45  Probe  
  57  7:56  Probe  
  57  7:57  Probe  
  60  8:08  Probe  
  60  8:09  Probe  
  60  8:10  Assimilator  
  62  8:13  Assimilator  
  62  8:17  Gateway  
  62  8:20  Gateway  

Tags
 
Add a new tag
Caveats
  • Supply blocks, unpowered buildings, or Contaminate may cause inaccurate times.
  • Supply counts are checked every 10 seconds.